 Dungeon Crawl Stone Soup version 0.31.0-32-g396128a36d (webtiles) character file.

Game seed: 14242648773649516563

15575 sking99 the Fighter (level 12, -13/125 (132) HPs)
             Began as an Oni Air Elementalist on Mar 8, 2024.
             Was a Believer of Sif Muna.
             Mangled by a minotaur
             ... wielding a +0 demon trident of draining
              (18 damage)
             ... in a Gauntlet.
             The game lasted 00:39:24 (17197 turns).

sking99 the Fighter (Oni Air Elementalist)         Turns: 17197, Time: 00:39:24

HP:   -13/125 (132) AC:  4    Str: 17    XL:     12   Next: 28%
MP:   16/33         EV: 15    Int: 20    God:    Sif Muna [**....]
Gold: 501           SH:  0    Dex:  9    Spells: 13/28 levels left

rFire   . . .        j - +8 short sword of a sewer {venom, rPois Will++ rCorr}
rCold   . . .        (no shield)
rNeg    + + .        (body armour restricted)
rPois   +            d - +2 hat "Uttuos" {rN++ Str+2}
rElec   .            E - +0 cloak
rCorr   +            (gloves unavailable)
SInv    .            (boots unavailable)
Will    +++..        o - amulet of the acrobat
Stlth   +            D - ring of magical power
HPRegen 0.40/turn    y - +5 ring of evasion
MPRegen 0.23/turn

%: no teleportation, acrobat
@: drained
A: large, unfitting armour, horns 1, tough skin 1, double potion healing,
drunken brawling
a: Renounce Religion, Channel Magic


You were in a Gauntlet.
You worshipped Sif Muna.
Sif Muna was pleased with you.
You visited 2 branches of the dungeon, and saw 12 of its levels.
You also visited: Sewer and Gauntlet.

You collected 781 gold pieces.
You spent 280 gold pieces at shops.

Inventory:

Hand Weapons
 j - the +8 short sword of a sewer (weapon) {venom, rPois Will++ rCorr}
   (You found it in a Gauntlet)

   rPois:     It protects you from poison Will++: It greatly increases your
   willpower.
   rCorr:     It protects you from acid and corrosion.
 s - a +3 dagger of pain
Missiles
 n - a throwing net
Armour
 d - the +2 hat "Uttuos" (worn) {rN++ Str+2}
   (You acquired it on level 5 of the Dungeon)

   Str+2:     It affects your strength (+2).
   rN++:      It greatly protects you from negative energy.
 E - a +0 cloak (worn)
Magical Staves
 G - a staff of earth
Jewellery
 c - a ring of protection from fire
 o - an amulet of the acrobat (around neck)
 y - a +5 ring of evasion (right hand)
 D - a ring of magical power (left hand)
Wands
 a - a wand of charming (4)
 g - a wand of flame (28)
 r - a wand of polymorph (6)
 A - a wand of acid (11)
Scrolls
 e - 10 scrolls of teleportation
 i - 3 scrolls of fear
 p - a scroll of enchant armour
 t - a scroll of fog
 x - a scroll of blinking
 z - a scroll of revelation
 B - 3 scrolls of identify
 C - a scroll of vulnerability
Potions
 b - 2 potions of magic
 f - 2 potions of might {unknown}
 h - 2 potions of enlightenment
 k - 2 potions of cancellation {unknown}
 l - 2 potions of attraction
 m - 4 potions of haste
 q - a potion of curing
 u - a potion of lignification {unknown}
 v - a potion of ambrosia {unknown}
 w - a potion of invisibility
 F - a potion of experience {unknown}


   Skills:
 + Level 12.1 Fighting
 - Level 5.0 Dodging
 - Level 1.4 Stealth
 - Level 8.7 Spellcasting
 + Level 5.6 Conjurations
 + Level 4.8 Ice Magic
 + Level 9.2 Air Magic
 + Level 9.4 Invocations


You had 13 spell levels left.
You knew the following spells:

 Your Spells              Type           Power      Damage    Failure   Level
a - Shock                 Conj/Air       100%       1d9       1%          1
b - Static Discharge      Conj/Air       76%        3-7/arc   1%          2
c - Airstrike             Air            22%        2d(4-20)  1%          4
d - Freezing Cloud        Conj/Ice/Air   17%        6-21      14%         5
z - Swiftness             Air            45%        N/A       1%          3

Your spell library contained the following spells:

 Spells                   Type           Power      Damage    Failure   Level
 Sting                    Conj/Alch      76%        1d7       2%          1
 Cigotuvi's Dreadful Rot  Necr/Alch/Air  42%        N/A       3%          2
 Ozocubu's Armour         Ice            28%        N/A       3%          3
 Apportation              Tloc           16%        N/A       8%          1
 Necrotise                Necr           32%        1d5       8%          1
 Summon Small Mammal      Summ           32%        N/A       8%          1
 Fugue of the Fallen      Necr           8%         N/A       24%         3
 Ignite Poison            Fire/Alch      8%         N/A       61%         4
 Manifold Assault         Tloc           8%         N/A       61%         4


Dungeon Overview and Level Annotations

Branches:
Dungeon (11/15)            Temple (1/1) D:6           Sewer (visited)
Gauntlet (1/1)
   Lair: D:8-11         Orc: D:9-12

Altars:
Ashenzari
Cheibriados
Dithmenos
Elyvilon
Fedhas
Gozag
Hepliaklqana
Kikubaaqudgha
Makhleb
Nemelex Xobeh
Okawaru
Qazlal
Ru
Sif Muna
Trog
Uskayaw
Vehumet
Wu Jian
Xom
Yredelemnul
Zin
The Shining One

Shops:
D:4 :(:   D:7 (

Annotations:
D:9 Harold Gauntlet 6 transporters, 21 runed translucent doors


Innate Abilities, Weirdness & Mutations

You are too large for most types of armour.
You have a pair of small horns on your head.
You have tough skin. (AC +1)
You gain doubled healing and magic from potions.
Whenever you drink a healing potion, you attack all around you.


Message History

Confirm with . or Enter, or press ? or * to list all spells.
The minotaur is struck by an arc of lightning.
The minotaur is severely wounded.
You are struck by an arc of lightning.
The minotaur is struck by an arc of lightning.
The minotaur is severely wounded.
The lightning grounds out.
The minotaur hits you with a +0 demon trident of draining!
* * * LOW HITPOINT WARNING * * *
You partially resist.
You feel drained.
* * * LOW HITPOINT WARNING * * *
The minotaur gores you but does no damage.
Casting: Static Discharge (safe; 1% risk of failure)
Confirm with . or Enter, or press ? or * to list all spells.
Aiming: Shock (safe; 1% risk of failure)
Press: ? - help, Shift-Dir - straight line, f/p - minotaur
Aim: a minotaur, wielding a +0 demon trident of draining, wearing a +0 chain mail, wearing a ring of positive energy and quivering javelins (severely wounded, 84% to hit)
The zap hits the minotaur but does no damage.
The minotaur is severely wounded.
The minotaur completely misses you. The minotaur gores you.
* * * LOW HITPOINT WARNING * * *
Casting: Shock (safe; 1% risk of failure)
Confirm with . or Enter, or press ? or * to list all spells.
Aiming: Shock (safe; 1% risk of failure)
Press: ? - help, Shift-Dir - straight line, f/p - minotaur
Aim: a minotaur, wielding a +0 demon trident of draining, wearing a +0 chain mail, wearing a ring of positive energy and quivering javelins (severely wounded, 84% to hit)
The zap misses the minotaur.
The minotaur hits you with a +0 demon trident of draining!!
* * * LOW HITPOINT WARNING * * *
You partially resist.
You feel drained.
* * * LOW HITPOINT WARNING * * *
The minotaur misses you.
You take a swig of the potion and twirl the +8 short sword of a sewer {venom, rPois Will++ rCorr}.
You hit the minotaur.
The minotaur is poisoned.
The minotaur is severely wounded.
You savour every drop.
You feel better.
The minotaur hits you with a +0 demon trident of draining!!
* * * LOW HITPOINT WARNING * * *
You partially resist.
You feel drained. The minotaur gores you!!
You die...

.....≈# ......###
####..#8# p5.#..###
p5.#..# #5.#..#####
+.!#..#§8§#
+.©#..#...##########
+.5#..#.8.#...☼°@..#
#.)#..#...#.###H##.#
5.p#..#.8.#.#....####
p.p#..#...#.####.H..#
####..#...#.# ####.#
.....≈#.©.#.# #.#
.....∩#.....# #H#
.....≈#.©.#.# #.#
####..#...#.# #.#


You could see a minotaur (very poisoned).

Vanquished Creatures
  A hell beast (Gauntlet)
  4 two-headed ogres
  A boulder beetle (D:8)
  Pikel (D:8)
  A torpor snail (Gauntlet)
  An unseen horror (D:10)
  A gargoyle (D:10)
  A large abomination (Gauntlet)
  2 trolls
  A hornet (D:7)
  Sigmund (D:2)
  A wyvern (D:10)
  A wraith (D:10)
  A shadow (D:10)
  26 yaks
  2 steam dragons (D:6)
  Grum (D:8)
  4 small abominations (Gauntlet)
  An acid dragon (D:9)
  2 hell hounds (Gauntlet)
  A hornet zombie (D:7)
  A sky beast (D:6)
  2 ice beasts
  4 black bears
  An ogre (D:4)
  A crocodile (Sewer)
  4 centaurs
  6 wolves
  2 phantoms
  3 kobold brigands
  A bullfrog (D:6)
  3 scorpions
  16 wights
  4 howler monkeys
  A bombardier beetle (D:6)
  3 bullfrog zombies (D:7)
  A centaur zombie (D:7)
  2 hounds (D:5)
  3 jellies
  5 orc priests
  Jessica (D:3)
  2 sleepcaps (D:6)
  3 iguanas
  6 orc wizards
  Natasha (thrice) (D:3)
  A killer bee zombie (D:7)
  Robin (D:3)
  4 gnolls (D:2)
  11 adders
  A river rat (Sewer)
  2 shadow imps
  A white imp (D:7)
  5 ufetubi
  4 ribbon worms
  15 orcs
  11 ball pythons
  9 endoplasms
  8 giant cockroaches
  13 goblins
  10 hobgoblins
  4 jackals
  2 quokkas
  6 bats
  3 frilled lizards
  12 kobolds
  6 rats
262 creatures vanquished.

Vanquished Creatures (others)
  A kobold (D:7)
1 creature vanquished.

Grand Total: 263 creatures vanquished

Notes
Turn   | Place    | Note
-------+----------+-------------------------------------------
     0 | D:1      | sking99 the Oni Air Elementalist began the quest for the
                  | Orb.
     0 | D:1      | Reached XP level 1. HP: 16/16 MP: 3/3
    94 | D:1      | Reached skill level 1 in Conjurations
   307 | D:1      | Reached XP level 2. HP: 26/26 MP: 1/5
   814 | D:1      | Reached skill level 1 in Fighting
   848 | D:1      | Learned a level 2 spell: Static Discharge
  1424 | D:2      | Reached XP level 3. HP: 33/33 MP: 4/7
  1567 | D:2      | Noticed Sigmund
  1876 | D:2      | Killed Sigmund
  1877 | D:2      | Reached skill level 2 in Fighting
  1877 | D:2      | Reached XP level 4. HP: 34/44 MP: 1/9
  1877 | D:2      | Reached XP level 5. HP: 41/52 MP: 1/10
  1951 | D:2      | Learned a level 3 spell: Swiftness
  1956 | D:2      | Learned a level 4 spell: Airstrike
  2412 | D:2      | Reached skill level 3 in Fighting
  2414 | D:2      | Reached XP level 6. HP: 38/61 MP: 3/11
  2580 | D:2      | Found a basalt altar of Yredelemnul.
  3155 | D:3      | Noticed Jessica
  3169 | D:3      | Killed Jessica
  3421 | D:3      | Noticed Robin
  3426 | D:3      | Killed Robin
  3545 | D:3      | Noticed Natasha
  3549 | D:3      | Killed Natasha
  3809 | D:3      | Noticed Natasha
  3869 | D:3      | Killed Natasha
  3903 | D:3      | Noticed Natasha
  3912 | D:3      | Killed Natasha
  4145 | D:3      | Found an opulent altar of Gozag.
  4257 | D:4      | Reached skill level 4 in Fighting
  4257 | D:4      | Reached skill level 5 in Air Magic
  4257 | D:4      | Reached XP level 7. HP: 25/70 MP: 4/13
  4408 | D:4      | Found Nyixzemy's Book Shop.
  4422 | D:4      | Found a stormy altar of Qazlal.
  4675 | D:4      | Found Duoxy's Book Shop.
  4942 | D:4      | Found Hykh's Weapon Emporium.
  5362 | D:5      | Entered Level 5 of the Dungeon
  5364 | D:5      | Identified a scroll of acquirement
  5364 | D:5      | Acquired the +2 hat "Uttuos" {rN++ Str+2}
  5522 | D:5      | Found a snail-covered altar of Cheibriados.
  5536 | D:5      | Reached skill level 5 in Fighting
  5559 | D:5      | Found a glowing drain.
  5575 | Sewer    | Entered a sewer
  5683 | Sewer    | Reached skill level 5 in Spellcasting
  5952 | Sewer    | Reached XP level 8. HP: 63/80 MP: 5/15
  6445 | D:5      | Reached skill level 6 in Fighting
  7393 | D:6      | Found a staircase to the Ecumenical Temple.
  7403 | Temple   | Entered the Ecumenical Temple
  7422 | Temple   | Became a worshipper of Sif Muna the Loreminder
  7602 | D:6      | Reached skill level 1 in Invocations
  7660 | D:6      | Reached XP level 9. HP: 92/92 MP: 6/18
  7781 | D:6      | Reached skill level 7 in Fighting
  8206 | D:6      | Reached * piety under Sif Muna
  8639 | D:6      | Noticed a two-headed ogre
  8660 | D:6      | Killed a two-headed ogre
  8661 | D:6      | Reached skill level 8 in Fighting
  9365 | D:7      | Noticed a hornet
  9369 | D:7      | Killed a hornet
  9370 | D:7      | Reached skill level 5 in Invocations
  9370 | D:7      | Reached XP level 10. HP: 79/106 MP: 8/21
  9720 | D:7      | Reached skill level 9 in Fighting
  9867 | D:7      | Reached ** piety under Sif Muna
 10506 | D:7      | Found Leahel's Antique Weapon Shop.
 11411 | D:8      | Noticed Grum
 11421 | D:8      | Killed Grum
 11717 | D:7      | Reached skill level 5 in Dodging
 11954 | D:4      | Bought a Trismegistus Codex for 280 gold pieces
 11960 | D:4      | Learned a level 5 spell: Freezing Cloud
 12007 | D:8      | Noticed Pikel
 12011 | D:8      | Killed Pikel
 12012 | D:8      | Reached skill level 10 in Fighting
 12203 | D:8      | Reached skill level 1 in Ice Magic
 12466 | D:8      | Reached XP level 11. HP: 118/118 MP: 1/23
 13661 | D:9      | Noticed a boulder beetle
 13664 | D:9      | Noticed Harold
 14040 | D:8      | Killed a boulder beetle
 14281 | D:9      | Found a broken altar of Ashenzari.
 14289 | D:9      | Noticed a two-headed ogre
 14322 | D:9      | Killed a two-headed ogre
 14323 | D:9      | Reached skill level 11 in Fighting
 14468 | D:9      | Noticed a two-headed ogre
 14475 | D:9      | Killed a two-headed ogre
 14977 | D:10     | Entered Level 10 of the Dungeon
 15082 | D:10     | Noticed a two-headed ogre
 15086 | D:10     | Killed a two-headed ogre
 15163 | D:10     | Found a white marble altar of Elyvilon.
 15183 | D:10     | Found an ancient bone altar of Kikubaaqudgha.
 15714 | D:10     | Reached skill level 5 in Conjurations
 15720 | D:10     | Reached XP level 12. HP: 131/131 MP: 8/24
 15971 | D:10     | Found a shadowy altar of Dithmenos.
 15982 | D:10     | Found a bloodstained altar of Trog.
 16369 | D:11     | Found a gate leading to a gauntlet.
 16375 | Gauntlet | Entered a Gauntlet
 16375 | Gauntlet | Noticed a tengu warrior
 16375 | Gauntlet | Found a transporter.
 16375 | Gauntlet | Found a transporter.
 16375 | Gauntlet | Found a transporter.
 16376 | Gauntlet | Found a transporter.
 16379 | Gauntlet | Found a transporter.
 16379 | Gauntlet | Found a transporter.
 16389 | Gauntlet | Found a transporter.
 16393 | Gauntlet | Found a transporter.
 16395 | Gauntlet | Found a large runed translucent door.
 16395 | Gauntlet | Noticed a hell beast
 16396 | Gauntlet | Found a large runed translucent door.
 16397 | Gauntlet | Found a large runed translucent door.
 16397 | Gauntlet | Found a large runed translucent door.
 16397 | Gauntlet | Found a runed translucent door.
 16397 | Gauntlet | Found a runed translucent door.
 16398 | Gauntlet | Found a large runed translucent door.
 16398 | Gauntlet | Found a large runed translucent door.
 16398 | Gauntlet | Found a large runed translucent door.
 16398 | Gauntlet | Found a large runed translucent door.
 16399 | Gauntlet | Found a large runed translucent door.
 16399 | Gauntlet | Found a large runed translucent door.
 16400 | Gauntlet | Found a large runed translucent door.
 16400 | Gauntlet | Found a large runed translucent door.
 16401 | Gauntlet | Found a runed translucent gate.
 16401 | Gauntlet | Found a runed translucent gate.
 16401 | Gauntlet | Found a runed translucent gate.
 16402 | Gauntlet | Noticed an occultist
 16403 | Gauntlet | Found a transporter.
 16414 | Gauntlet | Found a large runed translucent door.
 16415 | Gauntlet | Found a large runed translucent door.
 16424 | Gauntlet | Found a large runed translucent door.
 16424 | Gauntlet | Found a large runed translucent door.
 16504 | Gauntlet | Found a transporter.
 16508 | Gauntlet | Found a transporter.
 16524 | Gauntlet | Found a transporter.
 16784 | Gauntlet | Identified the +8 short sword of a sewer {venom, rPois
                  | Will++ rCorr}
 16802 | Gauntlet | Reached skill level 12 in Fighting
 16871 | Gauntlet | Killed a hell beast
 17135 | Gauntlet | Identified the +0 cloak of Lucidity {*Corrode Str+4}
 17168 | Gauntlet | Noticed a minotaur
 17197 | Gauntlet | HP: 5/127 [minotaur/+0 demon trident of draining (25)]
 17197 | Gauntlet | Mangled by a minotaur

Illustrated notes

Levels and vault maps discovered:
D:1:      spicycebolla_arrival_ecumenical, layout_loops_ring
D:2:      layout_rooms, basic_altar, uniq_sigmund
D:3:      layout_loops_ring, grunt_gozag_breadcrumbs, uniq_robin, uniq_natasha,
          uniq_jessica
D:4:      layout_loops_cross, mainiacjoe_overflow_cross_hatched, serial_shops,
          nicolae_shop_bloodbath_and_beyond, shop, nicolae_book_shop_shelving
D:5:      layout_basic, mainiacjoe_overflow_surrounded_room,
          portal_sewer_entry_c
D:6:      cheibrodos_barr_body, layout_rooms, temple_pool_b
D:7:      layout_loops_ring, serial_shops, shop_coins, serial_undead,
          serial_undead_c, serial_undead_a, serial_undead_d, serial_undead_f
D:8:      layout_cave_pools, feat_on_display, uniq_grum, uniq_pikel
D:9:      layout_long_grid, ashenzari_altar_1, hangedman_decor_diamond_cutter,
          uniq_harold
D:10:     layout_gridville, nicolae_overflow_quartered_altars
D:11:     layout_rooms, david_lair_shrubbed, ebering_ghost_reflecting_pool,
          gauntlet_entry_generic, minivault_24, tso_altar
Temple:   nicolae_temple_superstar
Gauntlet: gammafunk_gauntlet_hard_choice [gammafunk_gauntlet_arena_corners,
          gammafunk_gauntlet_arena_crates, nicolae_gauntlet_arena_flowing_pool,
          nicolae_gauntlet_arena_x, minmay_gauntlet_arena_make_your_own_arena,
          gammafunk_gauntlet_arena_split_x, dreamdust_gauntlet_exit_labyrinth]

Skill      XL: |  1  2  3  4  5  6  7  8  9 10 11 12 |
---------------+-------------------------------------+-----
Conjurations   | 1 2 3 5 |  5.6
Air Magic      | 3 4 5 6 7 8 9 |  9.2
Fighting       | 1 2 3 4 5 6 8 10 11 12 | 12.1
Spellcasting   | 3 4 5 6 7 8 |  8.7
Invocations    | 1 5 7 8 9 |  9.4
Dodging        | 3 5 |  5.0
Ice Magic      | 1 4 |  4.8
Stealth        | |  1.4

Action                     |  1- 3 |  4- 6 |  7- 9 | 10-12 || total
---------------------------+-------+-------+-------+-------++-------
  Melee: Unarmed           |     2 |     1 |       |       ||     3
         Dagger            |     4 |     3 |    32 |    34 ||    73
         Headbutt          |     2 |       |     3 |    10 ||    15
   Cast: Shock             |    71 |   115 |   108 |    47 ||   341
         Static Discharge  |       |     5 |    30 |    57 ||    92
         Airstrike         |       |       |    51 |   151 ||   202
         Swiftness         |       |       |     1 |       ||     1
         Freezing Cloud    |       |       |       |    13 ||    13
 Invoke: Channel Magic     |       |       |       |     1 ||     1
    Use: Scroll            |       |     6 |    10 |     2 ||    18
         Potion            |       |       |     1 |     4 ||     5
 Armour: Robe              |    26 |    36 |   133 |    83 ||   278
         Skin              |       |     1 |       |    79 ||    80
  Dodge: Dodged            |     8 |    25 |    94 |   113 ||   240
